 Dungeon Crawl Stone Soup version 0.31-a0-844-gdc52ec4e09 (webtiles) character file.

Game seed: 4564344365142074325

96 CraigForest the Shooter (level 4, -5/30 HPs)
             Began as a Formicid Hunter on Sept 28, 2023.
             Was a Follower of Hepliaklqana.
             Slain by Crazy Yiuf
             ... wielding a +2 quarterstaff of chaos
              (10 damage)
             ... on level 2 of the Dungeon.
             The game lasted 00:06:15 (1530 turns).

CraigForest the Shooter (Formicid Hunter)           Turns: 1530, Time: 00:06:16

Health: -5/30      AC:  5    Str: 19    XL:     4   Next: 98%
Magic:  4/4        EV: 12    Int:  9    God:    Hepliaklqana [*.....]
Gold:   97         SH:  0    Dex: 19    Spells: 3/3 levels left

rFire   + + .        s - +0 orcbow
rCold   . . .        (no shield)
rNeg    . . .        c - +0 leather armour
rPois   .            (helmet unavailable)
rElec   .            (no cloak)
rCorr   .            o - +0 pair of gloves
SInv    +            r - +0 pair of boots "Emua" {Str+4}
Will    .....        (no amulet)
Stlth   ++           j - ring of protection from fire
HPRegen 0.25/turn    i - ring of protection from fire
MPRegen 0.09/turn

%: no passive effects
@: no status effects
A: reduced essence, permanent stasis, dig shafts and tunnels, antennae 3, four
strong arms
a: Dig, Shaft Self, Renounce Religion, Recall Ancestor, Ancestor Identity


You were on level 2 of the Dungeon.
You worshipped Hepliaklqana.
Hepliaklqana was aware of your devotion.
You visited 1 branch of the dungeon, and saw 2 of its levels.

You collected 97 gold pieces.

Inventory:

Hand Weapons
 a - a +0 shortbow
 h - a +0 dagger of draining
 s - a +0 orcbow (weapon)
Armour
 c - a +0 leather armour (worn)
 k - a +0 ring mail
 o - a +0 pair of gloves (worn)
 r - the +0 pair of boots "Emua" (worn) {Str+4}
   (You found it on level 2 of the Dungeon)

   Str+4:     It affects your strength (+4).
Jewellery
 e - a ring of flight
 i - a ring of protection from fire (right hand)
 j - a ring of protection from fire (left hand)
Scrolls
 b - a scroll of butterflies
 d - a scroll of fear {unknown}
 f - 3 scrolls of identify {unknown}
 m - a scroll of vulnerability {unknown}
 n - 2 scrolls of noise {unknown}
 t - a scroll of revelation {unknown}
Potions
 g - a potion of degeneration {unknown}
 l - a potion of ambrosia {unknown}
 p - a potion of brilliance {unknown}
 q - a potion of cancellation {unknown}


   Skills:
 + Level 2.5 Fighting
 + Level 5.5 Ranged Weapons
 + Level 0.6 Armour
 + Level 2.1 Dodging
 + Level 1.3 Stealth


You had 3 spell levels left.
You didn't know any spells.
Your spell library contained the following spells:

 Spells                   Type           Power      Damage    Failure   Level
 Dazzling Flash           Conj/Hex       0%         N/A       82%         3
 Agony                    Necr           0%         N/A       100%        5
 Silence                  Hex/Air        0%         N/A       100%        5


Dungeon Overview and Level Annotations

Branches:
Dungeon (2/15)

Altars:
Hepliaklqana

Annotations:
D:2 Crazy Yiuf


Innate Abilities, Weirdness & Mutations

Your life essence is reduced to manifest your ancestor. (-10% HP)
You cannot be hasted, slowed, berserked, paralysed or teleported.
You can dig through walls and to a lower floor.
You have a pair of large antennae on your head. (SInv)
Your four strong arms can wield two-handed weapons with a shield.


Message History

You shoot an arrow. The arrow hits Crazy Yiuf.
Crazy Yiuf is heavily wounded.
Crazy Yiuf whimpers, "Millenium cower foot!"
Crazy Yiuf hits you with a +2 quarterstaff of chaos!
Space warps horribly around you!
Ouch! That really hurt!
* * * LOW HITPOINT WARNING * * *
You swap places.
Crazy Yiuf says, "Cod stair meccalolo!"
Crazy Yiuf zaps a wand.
The puff of flame hits Cyneburga.
Cyneburga resists.
Cyneburga hits Crazy Yiuf but does no damage.
You are too injured to fight recklessly!
Unknown command.
You are too injured to fight recklessly!
Fire: s) +0 orcbow
Press: ? - help, Q - select action, (/) - cycle Shift-Dir - straight line, f/p - Crazy Yiuf
Aim: Crazy Yiuf, wielding a +2 quarterstaff of chaos, wearing a +0 cloak and carrying a wand of flame (heavily wounded, ally target, 61% to hit)
You shoot an arrow. Cyneburga avoids your attack.
The arrow hits Crazy Yiuf.
Crazy Yiuf is heavily wounded.
Crazy Yiuf says, "Crazy?
Crazy!?
PORCUPINE!"
Crazy Yiuf hits Cyneburga with a +2 quarterstaff of chaos!
Cyneburga is destroyed!
Fire: s) +0 orcbow
Press: ? - help, Q - select action, (/) - cycle Shift-Dir - straight line, f/p - Crazy Yiuf
Aim: Crazy Yiuf, wielding a +2 quarterstaff of chaos, wearing a +0 cloak and carrying a wand of flame (heavily wounded, 61% to hit)
Okay, then.
Okay, then.
Fire: s) +0 orcbow
Press: ? - help, Q - select action, (/) - cycle Shift-Dir - straight line, f/p - Crazy Yiuf
Aim: Crazy Yiuf, wielding a +2 quarterstaff of chaos, wearing a +0 cloak and carrying a wand of flame (heavily wounded, 61% to hit)
You shoot an arrow. The arrow barely misses Crazy Yiuf.
Crazy Yiuf barely misses you.
You shoot an arrow. The arrow barely misses Crazy Yiuf.
Crazy Yiuf zaps a wand.
The puff of flame hits you. You resist.
* * * LOW HITPOINT WARNING * * *
You shoot an arrow. The arrow hits Crazy Yiuf.
Crazy Yiuf is severely wounded.
Crazy Yiuf hits you with a +2 quarterstaff of chaos!
You die...

#..####.#.##..........
##.## #.#.##.#########
####..# #.#.##......#
#. #....##
#.#(##.####.# #.
#.#### ######## #.###.
#.# ####R....
##.##♣♣♣♣♣ #...#####
#...#..♣.♣♣♣ ###
#........
#.....PR♣.@♣#...#
####.####
#......♣♣♣♣g'...#
#.#### ##..#P♣♣
♣♣#..)# #..... ####♣♣
### ######


You could see Crazy Yiuf.

Vanquished Creatures
  2 gnolls (D:2)
  2 adders (D:2)
  A dart slug (D:1)
  5 endoplasms
  4 giant cockroaches
  7 goblins
  3 hobgoblins
  4 kobolds
  A quokka (D:2)
  3 ball pythons
  5 bats
  2 frilled lizards
  5 rats
44 creatures vanquished.

Vanquished Creatures (collateral kills)
  A gnoll (D:2)
  A goblin (D:2)
  A rat (D:2)
3 creatures vanquished.

Vanquished Creatures (others)
  2 ancestors (D:2)
2 creatures vanquished.

Grand Total: 49 creatures vanquished

Notes
Turn   | Place    | Note
-------+----------+-------------------------------------------
     0 | D:1      | CraigForest the Formicid Hunter began the quest for the
                  | Orb.
     0 | D:1      | Reached XP level 1. HP: 16/16 MP: 1/1
    80 | D:1      | Reached XP level 2. HP: 6/22 MP: 2/2
   400 | D:1      | Reached XP level 3. HP: 28/28 MP: 3/3
   580 | D:1      | Found a faded altar of an unknown god.
   601 | D:1      | Prayed at the altar of an unknown god.
   601 | D:1      | Became a worshipper of Hepliaklqana the Forgotten
   601 | D:1      | Reached * piety under Hepliaklqana
   864 | D:2      | Reached skill level 5 in Ranged Weapons
   866 | D:2      | Reached XP level 4. HP: 28/30 MP: 4/4
   951 | D:2      | Found a runed translucent door.
   952 | D:2      | Noticed Crazy Yiuf
  1202 | D:2      | Identified the +0 pair of boots "Emua" {Str+4}
  1530 | D:2      | Slain by Crazy Yiuf

Illustrated notes

Levels and vault maps discovered:
D:1:      dpeg_arrival_erosion, layout_basic,
          dreamdust_ecumenical_altar_hidden_monk_grotto, minmay_box_of_dots
D:2:      layout_basic, uniq_crazy_yiuf_cottage

Skill      XL: |  1  2  3  4 |
---------------+-------------+-----
Ranged Weapons | 5 |  5.5
Dodging        | 2 |  2.1
Fighting       | |  2.5
Armour         | |  0.6
Stealth        | |  1.3

Action                     |  1- 3 |  4- 6 || total
---------------------------+-------+-------++-------
   Fire: Shortbow          |    84 |    42 ||   126
         Orcbow            |       |    20 ||    20
Ability: Dig               |     1 |       ||     1
 Armour: Leather armour    |    40 |    12 ||    52
  Dodge: Dodged            |    48 |    12 ||    60

Table legend: (Time is in decaauts)
 A = Elapsed time spent in this place.
 B = Non-inter-level travel time spent in this place.
 C = Inter-level travel time spent in this place.
 D = Time resting spent in this place.
 E = Time spent auto-exploring this place.
 F = Levels seen in this place.
 G = Mean time per level.
                   A        B        C        D        E       F      G
               +--------+--------+--------+--------+--------+-----+--------+
         Total |   1558 |   1518 |     40 |     23 |   1052 |   2 |  779.0 |
       Dungeon |   1558 |   1518 |     40 |     23 |   1052 |   2 |  779.0 |
               +--------+--------+--------+--------+--------+-----+--------+

Top non-repeatable levels by time:
     D:2: 828 daAuts
     D:1: 730 daAuts
